TOP OF THE 1ST |
Augusta Timber Hawks batting - Pitching for Vermont Lake Monsters : RHP Pablo De La Torre
|
Pitching: RHP Pablo De La Torre
|
|
Batting: RHB Billy Strauss
|
0-0: Foul Ball, location: 2F 0-1: Foul Ball, location: 2F 0-2: Ball 1-2: Foul Ball, location: 2F 1-2: SINGLE (Line Drive, 78M)
|
Batting: RHB Tom Strickland
|
0-0: Ball 1-0: Ball 2-0: Swinging Strike 2-1: Foul Ball, location: 2F 2-2: Strikes out swinging
|
Batting: SHB Lawrence Franklin
|
0-0: Ball 1-0: Ball 2-0: SINGLE (Line Drive, 8LS) Billy Strauss to second
|
Batting: RHB Phil Hayes
|
0-0: Ball 1-0: Foul Ball, location: 2F 1-1: Swinging Strike 1-2: Foul Ball, location: 2F 1-2: Ball 2-2: Foul Ball, location: 2F 2-2: Ball 3-2: Foul Ball, location: 2F 3-2: Fielders Choice at 2nd, 2-6 (Groundball, 2R) Billy Strauss to third
|
Batting: SHB José Salazar
|
0-0: Called Strike 0-1: Foul Ball, location: 2F 0-2: Ball 1-2: Strikes out looking
|
Top of the 1st over - 0 run(s), 2 hit(s), 0 error(s), 2 left on base; Augusta 0 - Vermont 0 |
BOTTOM OF THE 1ST |
Vermont Lake Monsters batting - Pitching for Augusta Timber Hawks : RHP Henri Pollini
|
Pitching: RHP Henri Pollini
|
|
Batting: LHB Dave Burns
|
0-0: Fly out, F7 (Flyball, 7S)
|
Batting: RHB Teddy Pelham
|
0-0: Called Strike 0-1: Ball 1-1: Called Strike 1-2: Foul Ball, location: 2F 1-2: Fly out, F7 (Line Drive, 7S)
|
Batting: LHB John Brewer
|
0-0: Ball 1-0: Foul Ball, location: 2F 1-1: Foul Ball, location: 2F 1-2: Ball 2-2: Foul Ball, location: 2F 2-2: Foul Ball, location: 2F 2-2: Ball 3-2: Foul Ball, location: 2F 3-2: Fly out, F8 (Flyball, 8RM)
|
Bottom of the 1st over - 0 run(s), 0 hit(s), 0 error(s), 0 left on base; Augusta 0 - Vermont 0 |
TOP OF THE 2ND |
Augusta Timber Hawks batting - Pitching for Vermont Lake Monsters : RHP Pablo De La Torre
|
Batting: LHB Tomás Guillén
|
0-0: Ball 1-0: Ball 2-0: Swinging Strike 2-1: Foul Ball, location: 2F 2-2: Foul Ball, location: 2F 2-2: Ball 3-2: Foul Ball, location: 2F 3-2: Base on Balls
|
Batting: RHB Rob Young
|
0-0: Ball 1-0: Ball 2-0: Called Strike 2-1: Foul Ball, location: 2F 2-2: Ball 3-2: Strikes out swinging
|
Batting: RHB Quinn Johnson
|
0-0: Called Strike 0-1: Ball 1-1: Called Strike 1-2: Ball 2-2: Foul Ball, location: 2F 2-2: Foul Ball, location: 2F 2-2: Fly out, F8 (Flyball, 8RM)
|
Batting: LHB Eugene Lawrence
|
0-0: Fielders Choice at 2nd, U6 (Groundball, 6M)
|
Top of the 2nd over - 0 run(s), 0 hit(s), 0 error(s), 1 left on base; Augusta 0 - Vermont 0 |
BOTTOM OF THE 2ND |
Vermont Lake Monsters batting - Pitching for Augusta Timber Hawks : RHP Henri Pollini
|
Batting: RHB Gonzalo Núñez
|
0-0: Ball 1-0: Called Strike 1-1: Swinging Strike 1-2: Ball 2-2: Ball 3-2: Base on Balls
|
Batting: RHB Pat Ings
|
0-0: Ball 1-0: Swinging Strike 1-1: Fly out, F9 (Flyball, 89M)
|
Batting: LHB Tim Hill
|
0-0: Ball Gonzalo Núñez steals 2nd base 1-0: Called Strike 1-1: Foul Ball, location: 2F 1-2: Foul Ball, location: 2F 1-2: Strikes out swinging
|
Batting: SHB Miguel Soto
|
0-0: SINGLE (Groundball, 34) Gonzalo Núñez to third Runner from 3rd tries for Home, throw and OUT!
|
Bottom of the 2nd over - 0 run(s), 1 hit(s), 0 error(s), 1 left on base; Augusta 0 - Vermont 0 |
TOP OF THE 3RD |
Augusta Timber Hawks batting - Pitching for Vermont Lake Monsters : RHP Pablo De La Torre
|
Batting: RHB Billy Strauss
|
0-0: Called Strike 0-1: Fly out, F3 (Popup, 3DF)
|
Batting: RHB Tom Strickland
|
0-0: Ball 1-0: Ball 2-0: Called Strike 2-1: Fly out, F9 (Flyball, 89S)
|
Batting: SHB Lawrence Franklin
|
0-0: Swinging Strike 0-1: Ball 1-1: Called Strike 1-2: Ball 2-2: Foul Ball, location: 2F 2-2: Ground out 5-3 (Groundball, 56)
|
Top of the 3rd over - 0 run(s), 0 hit(s), 0 error(s), 0 left on base; Augusta 0 - Vermont 0 |
BOTTOM OF THE 3RD |
Vermont Lake Monsters batting - Pitching for Augusta Timber Hawks : RHP Henri Pollini
|
Batting: RHB Daniel Cooper
|
0-0: DOUBLE (Line Drive, 9LS)
|
Batting: RHB Júlio Santos
|
0-0: Fly out, F9 (Line Drive, 9S)
|
Batting: LHB Dave Burns
|
0-0: Ball 1-0: Swinging Strike 1-1: Called Strike 1-2: Fly out, F8 (Flyball, 8LM)
|
Batting: RHB Teddy Pelham
|
0-0: Ball 1-0: Foul Ball, location: 2F 1-1: Swinging Strike 1-2: SINGLE (Line Drive, 6D) Daniel Cooper to third Runner from 3rd tries for Home, SAFE, throw made home
|
Batting: LHB John Brewer
|
0-0: Ball 1-0: Foul Ball, location: 2F 1-1: Swinging Strike 1-2: Ball 2-2: Foul Ball, location: 2F 2-2: Strikes out looking
|
Bottom of the 3rd over - 1 run(s), 2 hit(s), 0 error(s), 1 left on base; Augusta 0 - Vermont 1 |
TOP OF THE 4TH |
Augusta Timber Hawks batting - Pitching for Vermont Lake Monsters : RHP Pablo De La Torre
|
Batting: RHB Phil Hayes
|
0-0: Ball 1-0: Ball 2-0: Called Strike 2-1: Called Strike 2-2: Foul Ball, location: 2F 2-2: Strikes out swinging
|
Batting: SHB José Salazar
|
0-0: Ball 1-0: Called Strike 1-1: Ball 2-1: Foul Ball, location: 2F 2-2: Foul Ball, location: 2F 2-2: Ball 3-2: Base on Balls
|
Batting: LHB Tomás Guillén
|
0-0: Ball 1-0: Fielders Choice at 2nd, 4-6 (Groundball, 34)
|
Batting: RHB Rob Young
|
0-0: Ball 1-0: Ball 2-0: SINGLE (Groundball, 56D) Tomás Guillén to second
|
Batting: RHB Quinn Johnson
|
0-0: Swinging Strike 0-1: Ball 1-1: Ball 2-1: SINGLE (Groundball, 4MD) Tomás Guillén to third Rob Young to second Runner from 3rd tries for Home, SAFE, no throw or cutoff
|
Batting: LHB Eugene Lawrence
|
0-0: Foul Ball, location: 2F 0-1: Ball 1-1: Ground out 4-3 (Groundball, 4)
|
Top of the 4th over - 1 run(s), 2 hit(s), 0 error(s), 2 left on base; Augusta 1 - Vermont 1 |
BOTTOM OF THE 4TH |
Vermont Lake Monsters batting - Pitching for Augusta Timber Hawks : RHP Henri Pollini
|
Batting: RHB Gonzalo Núñez
|
0-0: Fly out, F8 (Flyball, 8RS)
|
Batting: RHB Pat Ings
|
0-0: Ball 1-0: SINGLE (Line Drive, 4D)
|
Batting: LHB Tim Hill
|
0-0: Ball 1-0: Fly out, F8 (Flyball, 8LM)
|
Batting: SHB Miguel Soto
|
0-0: Ball 1-0: Ball 2-0: Swinging Strike 2-1: Fly out, F7 (Flyball, 78S)
|
Bottom of the 4th over - 0 run(s), 1 hit(s), 0 error(s), 1 left on base; Augusta 1 - Vermont 1 |
TOP OF THE 5TH |
Augusta Timber Hawks batting - Pitching for Vermont Lake Monsters : RHP Pablo De La Torre
|
Batting: RHB Billy Strauss
|
0-0: Fly out, F5 (Popup, 15S)
|
Batting: RHB Tom Strickland
|
0-0: Called Strike 0-1: Ball 1-1: Called Strike 1-2: Foul Ball, location: 2F 1-2: DOUBLE (Line Drive, 9LM)
|
Batting: SHB Lawrence Franklin
|
0-0: Ball 1-0: Ball 2-0: Ball 3-0: Called Strike 3-1: Foul Ball, location: 2F 3-2: Foul Ball, location: 2F 3-2: TRIPLE (Line Drive, 78M) Tom Strickland scores
|
Pitching: RHP Alexander Allen
|
|
Batting: RHB Phil Hayes
|
0-0: Ball 1-0: Foul Ball, location: 2F 1-1: Ball 2-1: SINGLE (Groundball, 34D) Lawrence Franklin scores
|
Batting: SHB José Salazar
|
0-0: Called Strike 0-1: Ball 1-1: Swinging Strike 1-2: Fielders Choice at 2nd, 5-4 (Groundball, 5)
|
Batting: LHB Tomás Guillén
|
0-0: Ball 1-0: Foul Ball, location: 2F 1-1: Ball 2-1: Ball 3-1: Called Strike 3-2: Strikes out looking
|
Top of the 5th over - 2 run(s), 3 hit(s), 0 error(s), 1 left on base; Augusta 3 - Vermont 1 |
BOTTOM OF THE 5TH |
Vermont Lake Monsters batting - Pitching for Augusta Timber Hawks : RHP Henri Pollini
|
Batting: RHB Daniel Cooper
|
0-0: Ball 1-0: SINGLE (Line Drive, 78S)
|
Batting: RHB Júlio Santos
|
0-0: Ball 1-0: Ball 2-0: Ball 3-0: Called Strike 3-1: Called Strike 3-2: Fly out, F7 (Flyball, 7D)
|
Batting: LHB Dave Burns
|
0-0: Ball Wild Pitch! Daniel Cooper to second 1-0: Ball 2-0: Called Strike 2-1: Ball 3-1: Base on Balls
|
Batting: RHB Teddy Pelham
|
0-0: Ball 1-0: Foul Ball, location: 2F 1-1: Fielders Choice at 3rd, U5 (Groundball, 5L) Dave Burns to second
|
Batting: LHB John Brewer
|
0-0: Foul Ball, location: 2F 0-1: Ball 1-1: Foul Ball, location: 2F 1-2: Fly out, F7 (Flyball, 7S)
|
Bottom of the 5th over - 0 run(s), 1 hit(s), 0 error(s), 2 left on base; Augusta 3 - Vermont 1 |
TOP OF THE 6TH |
Augusta Timber Hawks batting - Pitching for Vermont Lake Monsters : RHP Alexander Allen
|
Batting: RHB Rob Young
|
0-0: Ball 1-0: Called Strike 1-1: Foul Ball, location: 2F 1-2: Ball 2-2: Foul Ball, location: 2F 2-2: Ball 3-2: Base on Balls
|
Batting: RHB Quinn Johnson
|
0-0: Bunted foul 0-1: Bunted foul 0-2: Foul Ball, location: 2F 0-2: Foul Ball, location: 2F 0-2: Foul Ball, location: 2F 0-2: Strikes out swinging
|
Batting: LHB Eugene Lawrence
|
0-0: Ball 1-0: Foul Ball, location: 2F 1-1: Called Strike 1-2: Ground out U3 (Groundball, 3S) Rob Young to second
|
Pitching: RHP Jason Jackson
|
|
Batting: RHB Billy Strauss
|
0-0: Fly out, F8 (Flyball, 8LD)
|
Top of the 6th over - 0 run(s), 0 hit(s), 0 error(s), 1 left on base; Augusta 3 - Vermont 1 |
BOTTOM OF THE 6TH |
Vermont Lake Monsters batting - Pitching for Augusta Timber Hawks : RHP Henri Pollini
|
Batting: RHB Gonzalo Núñez
|
0-0: Called Strike 0-1: Foul Ball, location: 2F 0-2: Fly out, F3 (Line Drive, 34)
|
Batting: RHB Pat Ings
|
0-0: Ball 1-0: Ball 2-0: Ball 3-0: Swinging Strike 3-1: Base on Balls
|
Batting: LHB Tim Hill
|
0-0: Ball 1-0: Swinging Strike 1-1: Ball 2-1: Foul Ball, location: 2F 2-2: Foul Ball, location: 2F 2-2: Ball 3-2: Foul Ball, location: 2F 3-2: 2-RUN HOME RUN (Flyball, 9LD), Distance : 362 ft
|
Batting: SHB Miguel Soto
|
0-0: Ball 1-0: Ball 2-0: Ball 3-0: Called Strike 3-1: Called Strike 3-2: Reached on error, E4 (Groundball, 34)
|
Batting: RHB Daniel Cooper
|
0-0: Fly out, F9 (Flyball, 89M)
|
Batting: RHB Júlio Santos
|
0-0: Ball 1-0: Ball 2-0: Called Strike 2-1: Ball 3-1: Foul Ball, location: 2F 3-2: Base on Balls Miguel Soto to second
|
Batting: LHB Dave Burns
|
0-0: Called Strike 0-1: Called Strike 0-2: Ground out 5-3 (Groundball, 56S)
|
Bottom of the 6th over - 2 run(s), 1 hit(s), 1 error(s), 2 left on base; Augusta 3 - Vermont 3 |
TOP OF THE 7TH |
Augusta Timber Hawks batting - Pitching for Vermont Lake Monsters : RHP Jason Jackson
|
Batting: RHB Tom Strickland
|
0-0: Ball 1-0: Foul Ball, location: 2F 1-1: Foul Ball, location: 2F 1-2: Strikes out looking
|
Batting: SHB Lawrence Franklin
|
0-0: Foul Ball, location: 2F 0-1: Swinging Strike 0-2: Ground out 4-3 (Groundball, 34D)
|
Batting: RHB Phil Hayes
|
0-0: Foul Ball, location: 2F 0-1: SINGLE (Groundball, 6M)
|
Batting: SHB José Salazar
|
0-0: Called Strike 0-1: Called Strike 0-2: Ball 1-2: Strikes out swinging
|
Top of the 7th over - 0 run(s), 1 hit(s), 0 error(s), 1 left on base; Augusta 3 - Vermont 3 |
BOTTOM OF THE 7TH |
Vermont Lake Monsters batting - Pitching for Augusta Timber Hawks : RHP Henri Pollini
|
Pinch Hitting: RHB Dale Carney
|
0-0: Called Strike 0-1: SINGLE (Groundball, 56D)
|
Batting: LHB John Brewer
|
0-0: Ball 1-0: Foul Ball, location: 2F 1-1: Called Strike 1-2: Foul Ball, location: 2F 1-2: Strikes out swinging
|
Pinch Hitting: RHB Keith Burnett
|
0-0: Called Strike 0-1: Ball 1-1: Foul Ball, location: 2F 1-2: Ball 2-2: Foul Ball, location: 2F 2-2: Ball 3-2: Fly out, F3 (Popup, 23F)
|
Pitching: RHP Claudio Salinas
|
|
Pinch Hitting: LHB Michael Smith
|
0-0: Called Strike 0-1: Swinging Strike 0-2: Strikes out swinging
|
Bottom of the 7th over - 0 run(s), 1 hit(s), 0 error(s), 1 left on base; Augusta 3 - Vermont 3 |
TOP OF THE 8TH |
Augusta Timber Hawks batting - Pitching for Vermont Lake Monsters : RHP Jason Jackson
|
Pitching: LHP Gustavo Rúbio
|
|
Now at SS: Denis Taylor
|
|
Now in LF: Keith Burnett
|
|
Now in CF: John Howell
|
|
Pinch Hitting: RHB Dave Bush
|
0-0: Called Strike 0-1: Ball 1-1: Fly out, F9 (Flyball, 9M)
|
Pitching: RHP Reynaldo Díaz
|
|
Batting: RHB Rob Young
|
0-0: Foul Ball, location: 2F 0-1: Swinging Strike 0-2: Foul Ball, location: 2F 0-2: Ball 1-2: Ball 2-2: Foul Ball, location: 2F 2-2: Ground out 5-3 (Groundball, 5D)
|
Pinch Hitting: LHB Bob Hensley
|
0-0: Ball 1-0: Swinging Strike 1-1: Ball 2-1: Called Strike 2-2: Strikes out looking
|
Top of the 8th over - 0 run(s), 0 hit(s), 0 error(s), 0 left on base; Augusta 3 - Vermont 3 |
BOTTOM OF THE 8TH |
Vermont Lake Monsters batting - Pitching for Augusta Timber Hawks : RHP Claudio Salinas
|
Now at 1B: Bob Hensley
|
|
Now at 2B: Dave Bush
|
|
Batting: LHB Tim Hill
|
0-0: Ball 1-0: Ball 2-0: Foul Ball, location: 2F 2-1: Swinging Strike 2-2: Strikes out swinging
|
Pinch Hitting: LHB Don Sullivan
|
0-0: Ball 1-0: Foul Ball, location: 2F 1-1: Ball 2-1: Fly out, F7 (Flyball, 7S)
|
Batting: RHB Daniel Cooper
|
0-0: Foul Ball, location: 2F 0-1: Called Strike 0-2: Strikes out looking
|
Bottom of the 8th over - 0 run(s), 0 hit(s), 0 error(s), 0 left on base; Augusta 3 - Vermont 3 |
TOP OF THE 9TH |
Augusta Timber Hawks batting - Pitching for Vermont Lake Monsters : RHP Reynaldo Díaz
|
Now in RF: Don Sullivan
|
|
Batting: LHB Eugene Lawrence
|
0-0: Foul Ball, location: 2F 0-1: Ball 1-1: Ball 2-1: Swinging Strike 2-2: Ball 3-2: Foul Ball, location: 2F 3-2: Ground out 4-3 (Groundball, 4M)
|
Pinch Hitting: RHB Juan Banda
|
0-0: Called Strike 0-1: Ball 1-1: DOUBLE (Line Drive, 8LXD)
|
Batting: RHB Tom Strickland
|
0-0: Ball 1-0: SINGLE (Line Drive, 8RM) Juan Banda to third Runner from 3rd tries for Home, SAFE, no throw or cutoff
|
Batting: SHB Lawrence Franklin
|
0-0: Called Strike 0-1: Ball 1-1: Ball 2-1: Ball 3-1: Ground out 5-3 (Groundball, 5S) Tom Strickland to second
|
Batting: RHB Phil Hayes
|
0-0: Called Strike 0-1: Swinging Strike 0-2: Strikes out swinging
|
Top of the 9th over - 1 run(s), 2 hit(s), 0 error(s), 1 left on base; Augusta 4 - Vermont 3 |
BOTTOM OF THE 9TH |
Vermont Lake Monsters batting - Pitching for Augusta Timber Hawks : RHP Claudio Salinas
|
Pitching: RHP César Galló
|
|
Now in CF: Juan Banda
|
|
Batting: RHB Júlio Santos
|
0-0: Ball 1-0: Ball 2-0: Ball 3-0: Base on Balls
|
Batting: LHB Dave Burns
|
0-0: Sac Bunt - play at first, batter OUT! 1-4 Júlio Santos to second
|
Batting: RHB Denis Taylor
|
0-0: Foul Ball, location: 2F 0-1: Ball 1-1: Foul Ball, location: 2F 1-2: Ball 2-2: Foul Ball, location: 2F 2-2: Ball 3-2: Foul Ball, location: 2F 3-2: Strikes out looking
|
Batting: LHB John Brewer
|
0-0: SINGLE (Line Drive, 8RS) Júlio Santos to third Runner from 3rd tries for Home, SAFE, no throw or cutoff
|
Batting: RHB Keith Burnett
|
0-0: Ball 1-0: Swinging Strike 1-1: Ball 2-1: Foul Ball, location: 2F 2-2: 2-RUN HOME RUN (Flyball, 78XD), Distance : 425 ft
|
|